 Dungeon Crawl Stone Soup version 0.29-a0-551-gffc1d7fb78 (webtiles) character file.

Game seed: 14372988396900398537

297 Sabo the Shield-Bearer (level 6, -6/52 HPs)
             Began as a Meteoran Fighter on June 5, 2022.
             Was a Follower of Nemelex Xobeh.
             Killed by nerve-wracking pain
             ... invoked by an orc priest
              (13 damage)
             ... on level 4 of the Dungeon.
             The game lasted 00:11:00 (1758 turns).

Sabo the Shield-Bearer (Meteoran Fighter)           Turns: 1758, Time: 00:11:01

Health: -6/52      AC: 12    Str: 19    XL:     6   Next: 94%
Magic:  7/7        EV:  8    Int: 10    God:    Nemelex Xobeh [*.....]
Gold:   86         SH:  6    Dex: 17    Spells: 5/5 levels left

rFire   + . .      SeeInvis .   c - +5 short sword "Pendulum" {vorpal, Dex+3}
rCold   . . .      Faith    .   q - +1 buckler {rF+}
rNeg    . . .      Spirit   .   x - +0 chain mail
rPois   .          Reflect  .   (no helmet)
rElec   .          Harm     .   v - +0 cloak
rCorr   .          Rampage  .   (no gloves)
Will    .....                   e - +0 pair of boots
Stlth   ..........              (no amulet)
HPRegen 0.17/turn               i - ring of flight
MPRegen 0.10/turn               (no ring)

@: flying, glowing
A: sense surroundings 1, otherworldly, glowing, explore regen
a: Renounce Religion, Draw Escape, Draw Destruction, Draw Summoning


You were on level 4 of the Dungeon.
You worshipped Nemelex Xobeh.
Nemelex Xobeh was aware of your devotion.
You visited 1 branch of the dungeon, and saw 4 of its levels.

You collected 86 gold pieces.

Inventory:

Hand Weapons
 a - a +0 war axe
 c - the +5 short sword "Pendulum" (weapon) {vorpal, Dex+3}
   (You found it on level 2 of the Dungeon)

   It inflicts extra damage upon your enemies.
   Dex:       It affects your dexterity (+3).
 t - a +0 vorpal mace
 u - a +3 quarterstaff of chaos
Armour
 e - a +0 pair of boots (worn)
 q - a +1 buckler of fire resistance (worn)
 v - a +0 cloak (worn)
 x - a +0 chain mail (worn)
Jewellery
 i - a ring of flight (left hand)
Scrolls
 f - 3 scrolls of teleportation
 g - 2 scrolls of poison
 s - a scroll of enchant armour
 w - a scroll of amnesia {unknown}
Potions
 d - a potion of might
 h - a potion of magic {unknown}
 j - a potion of curing {unknown}
 k - 2 potions of haste {unknown}
 m - a potion of lignification {unknown}
 n - 2 potions of mutation {unknown}
 o - a potion of attraction {unknown}
 p - a potion of cancellation {unknown}
 z - a potion of flight {unknown}
 A - a potion of brilliance {unknown}


   Skills:
 + Level 4.2 Fighting
 + Level 2.6 Short Blades
 + Level 4.4 Axes
 + Level 4.5 Armour
 + Level 1.9 Dodging
 + Level 0.1 Stealth
 + Level 4.7 Shields


You had 5 spell levels left.
You didn't know any spells.
Your spell library was empty.

Dungeon Overview and Level Annotations

Branches:
Dungeon (4/15)
 Temple: D:4-7

Altars:
Nemelex Xobeh
Uskayaw


Innate Abilities, Weirdness & Mutations

You passively map a small area around you.
You are easily found by Zot.
You glow in the dark.
You regain HP and MP as you explore.


Message History

The adder bites you but does no damage.
You hit the adder.
The adder is heavily wounded.
You block the adder's attack. The orc barely misses you.
You puncture the adder!
You kill the adder!
The orc hits you from afar with a +1 trident of freezing.
The orc freezes you.
The orc priest mumbles some strange prayers to Beogh against you.
Beogh smites you!
The orc hits you with a +1 trident of freezing.
The orc freezes you.
Things that are here:
a +0 trident; a +0 leather armour; a scroll of teleportation You hit the orc but do no damage.
The orc closely misses you.
You hit the orc.
The orc is heavily wounded.
The orc barely misses you.
The orc priest calls down the wrath of Beogh upon you.
Beogh smites you!
* * * LOW HITPOINT WARNING * * *
You hit the orc.
You kill the orc!
The hound bites you but does no damage.
You puncture the hound!
The hound is severely wounded.
The hound bites you but does no damage.
You barely miss the hound.
The hound is severely wounded.
The hound bites you but does no damage. You block the hound's attack.
You hit the hound.
You kill the hound!
You hit the orc priest but do no damage.
The orc priest hits you with a +0 mace.
* * * LOW HITPOINT WARNING * * *
You closely miss the orc priest.
The orc priest calls down the wrath of Beogh upon you.
Pain shoots through your body!
You die...
Your body disappears without additional glow.

, , ,
, *#.
* * ,
#. #.
,*
##.##
* ,
....,
* .K#
* *
*#o#
,, ,
* #@#
* * *
#)#
#.# *
* #.#
*,* *
#.# *
#.#
#.#
#<# *
* #.#
*


You could see an orc priest and a kobold.

Vanquished Creatures
  A hound (D:4)
  Crazy Yiuf (D:3)
  An orc priest (D:4)
  Jessica (D:3)
  Natasha (D:3)
  An orc wizard (D:3)
  5 adders
  3 worms (D:3)
  3 dart slugs
  8 orcs
  2 ball pythons
  5 endoplasms (D:1)
  2 giant cockroaches (D:1)
  9 goblins
  4 hobgoblins
  4 jackals
  3 quokkas
  4 bats
  2 frilled lizards (D:1)
  6 kobolds
  4 rats
70 creatures vanquished.

Notes
Turn   | Place    | Note
-------+----------+-------------------------------------------
     0 | D:1      | Sabo the Meteoran Fighter began the quest for the Orb.
     0 | D:1      | Reached XP level 1. HP: 19/19 MP: 2/2
   109 | D:1      | Reached XP level 2. HP: 25/26 MP: 3/3
   285 | D:1      | Reached XP level 3. HP: 30/31 MP: 4/4
   480 | D:1      | Glimpsed the power of Zot.
   737 | D:2      | Found a sparkling altar of Nemelex Xobeh.
   748 | D:2      | Became a worshipper of Nemelex Xobeh the Trickster
   802 | D:2      | Reached XP level 4. HP: 40/40 MP: 5/5
   907 | D:2      | Identified the +5 short sword "Pendulum" {vorpal, Dex+3}
  1070 | D:2      | Glimpsed the power of Zot.
  1120 | D:2      | Glimpsed the power of Zot.
  1230 | D:3      | Reached skill level 1 in Short Blades
  1287 | D:3      | Found a runed translucent door.
  1288 | D:3      | Noticed Crazy Yiuf
  1294 | D:3      | Killed Crazy Yiuf
  1295 | D:3      | Reached XP level 5. HP: 46/46 MP: 6/6
  1434 | D:3      | Reached skill level 1 in Dodging
  1491 | D:3      | Reached XP level 6. HP: 45/52 MP: 7/7
  1492 | D:3      | Found a hide-covered altar of Uskayaw.
  1555 | D:3      | Noticed Natasha
  1563 | D:3      | Killed Natasha
  1571 | D:3      | Noticed Jessica
  1585 | D:3      | Killed Jessica
  1636 | D:3      | Reached * piety under Nemelex Xobeh
  1666 | D:3      | Glimpsed the power of Zot.
  1716 | D:3      | Glimpsed the power of Zot.
  1758 | D:4      | Killed from afar by an orc priest

Illustrated notes

Levels and vault maps discovered:
D:1:      scummos_arrival_checkerplants, layout_basic
D:2:      layout_basic, basic_altar
D:3:      layout_loops_ring, nicolae_uskayaw_dance_hall,
          mainiacjoe_overflow_brackets, uniq_jessica, uniq_natasha,
          uniq_crazy_yiuf_cottage
D:4:      layout_loops_ring, serial_shops, nicolae_shop_advertising_works
          [nicolae_subvault_shop_adworks], sigmund_army, uniq_menkaure

Skill      XL: |  1  2  3  4  5  6 |
---------------+-------------------+-----
Armour         | 4 |  4.5
Axes           | 3 4 |  4.4
Short Blades   | 1 2 |  2.6
Shields        | 4 |  4.7
Dodging        | 1 |  1.9
Fighting       | 4 |  4.2
Stealth        | |  0.1

Action                   |  1- 3 |  4- 6 || total
-------------------------+-------+-------++-------
Melee: War axe           |    72 |     1 ||    73
       Short sword       |       |    99 ||    99
  Use: Scroll            |       |     4 ||     4
Armor: Scale mail        |    48 |    75 ||   123
       Chain mail        |       |     6 ||     6
Dodge: Dodged            |    30 |    53 ||    83
Block: Buckler           |    16 |    34 ||    50

Table legend: (Time is in decaauts)
 A = Elapsed time spent in this place.
 B = Non-inter-level travel time spent in this place.
 C = Inter-level travel time spent in this place.
 D = Time resting spent in this place.
 E = Time spent auto-exploring this place.
 F = Levels seen in this place.
 G = Mean time per level.
                   A        B        C        D        E       F      G
               +--------+--------+--------+--------+--------+-----+--------+
         Total |   1791 |   1791 |      0 |      0 |      0 |   4 |  447.8 |
       Dungeon |   1791 |   1791 |      0 |      0 |      0 |   4 |  447.8 |
               +--------+--------+--------+--------+--------+-----+--------+

Top non-repeatable levels by time:
     D:2: 649 daAuts
     D:3: 603 daAuts
     D:1: 513 daAuts
     D:4: 26 daAuts
